 Dungeon Crawl Stone Soup version 0.27-a0-1123-g2f9bb313c0 (webtiles) character file.

Game seed: 16427082984017623982

83 Zeld the Shield-Bearer (level 4, 0/33 HPs)
             Began as an Octopode Fighter on May 3, 2021.
             Succumbed to an adder's poison
             ... on level 2 of the Dungeon.
             The game lasted 00:01:03 (1122 turns).

Zeld the Shield-Bearer (Octopode Fighter)           Turns: 1122, Time: 00:01:03

Health: 0/33       AC:  1    Str: 13 (16) XL:     4   Next: 44%
Magic:  4/4        EV: 11    Int:  7 (10) God:
Gold:   24         SH:  8    Dex: 10 (11) Spells: 3/3 levels left

rFire    . . .     SeeInvis .   a - +0 war axe
rCold    . . .     Faith    .   b - +0 kite shield
rNeg     . . .     Spirit   .   (helmet restricted)
rPois    .         Reflect  .   (no amulet)
rElec    .         Harm     .   (no ring)
rCorr    .         Rampage  .   (no ring)
Will     .....                  (no ring)
Stlth    ++........             (no ring)
HPRegen  0.11/turn              (no ring)
MPRegen  0.09/turn              (no ring)
                                (no ring)
                                (no ring)

@: lethally poisoned (0 -> -7)
A: almost no armour, amphibious, 8 rings, camouflage 1, gelatinous body 1,
(nimble swimmer 1), tentacles
a: no special abilities


You were on level 2 of the Dungeon.
You visited 1 branch of the dungeon, and saw 2 of its levels.

You collected 24 gold pieces.

Inventory:

Hand Weapons
 a - a +0 war axe (weapon)
Armour
 b - a +0 kite shield (worn)
Scrolls
 d - a scroll of amnesia {unknown}
Potions
 c - 2 potions of might
 e - a potion of attraction {unknown}
 g - a potion of curing {unknown}


   Skills:
 * Level 3.8 Fighting
 * Level 3.0 Axes
 - Level 3.0 Dodging
 * Level 3.8 Shields


You had 3 spell levels left.
You didn't know any spells.
Your spell library was empty.

Dungeon Overview and Level Annotations

Branches:
Dungeon (2/15)

Altars:


Innate Abilities, Weirdness & Mutations

You cannot wear most types of armour.
You are amphibious.
You can wear up to eight rings at the same time.
Your skin changes colour to match your surroundings (Stealth+).
Your rubbery body absorbs attacks. (AC +1, EV +1)
((You are camouflaged near water. (Stealth+)))
You have tentacles for arms and can constrict up to eight enemies at once.


Message History

The adder bites you but does no damage.
You release your grip on the adder.
You feel sick. The adder closely misses you.
You miss the adder. Your grab misses the adder. Your squeeze misses the adder.
The adder is lightly wounded.
You feel sick. You block the adder's attack. The adder bites you.
You are more poisoned.
The adder poisons you!
Your shield prevents you from hitting the adder.
Your grab misses the adder. Your squeeze misses the adder.
The adder is lightly wounded.
You feel very sick. You block the adder's attack. The adder bites you.
You are more poisoned.
The adder poisons you!
You barely miss the adder. You grab the adder. You constrict the adder.
You feel very sick. You block the adder's attack. The adder bites you.
You are lethally poisoned!
The adder poisons you!
You are too injured to fight recklessly!
You hit the adder.
You squeeze the adder, but do no damage.
The adder is heavily wounded.
You constrict the adder.
* * * LOW HITPOINT WARNING * * *
You feel very sick. You block the adder's attack. The adder barely misses you.
You hit the adder.
You kill the adder!
* * * LOW HITPOINT WARNING * * *
You feel very sick.
Unknown command.
Okay, then.
Okay, then.
There is a lethal amount of poison in your body!
It was a potion of degeneration.
There was something very wrong with that liquid.
You feel weakened.
You feel dopey.
You feel clumsy.
You die...

#.#.# #.###.###...#.#
#.#.###.##..........#
#.#.......#.##....#.#
#.#####.##†###...##.#
#.#####.#.#.##...##.#
#........###.....##.#
#########.#.##.#.##.#
##.###.#.##.# ###
#..@...# ###†####
.... #...... #..#....
....#..#..
##......#..# ##. ....
.#


There were no monsters in sight!

Vanquished Creatures
  A howler monkey (D:2)
  2 adders (D:2)
  A dart slug (D:1)
  2 giant cockroaches (D:2)
  A goblin (D:1)
  A hobgoblin (D:1)
  4 jackals (D:1)
  A quokka (D:2)
  4 ball pythons (D:1)
  A bat (D:1)
  A frilled lizard (D:2)
  3 kobolds (D:1)
  3 rats (D:1)
25 creatures vanquished.

Notes
Turn   | Place    | Note
-------+----------+-------------------------------------------
     0 | D:1      | Zeld the Octopode Fighter began the quest for the Orb.
     0 | D:1      | Reached XP level 1. HP: 16/16 MP: 1/1
   296 | D:1      | Reached XP level 2. HP: 21/21 MP: 2/2
   892 | D:2      | Reached XP level 3. HP: 22/26 MP: 3/3
  1026 | D:2      | Reached XP level 4. HP: 29/33 MP: 4/4
  1122 | D:2      | Succumbed to an adder's poison

Illustrated notes

Levels and vault maps discovered:
D:1:      dpeg_arrival_more_subterranean_lakeside_camping, layout_basic,
          minmay_cut_off
D:2:      minmay_chambers_of_twos, layout_loops_corners

Skill      XL: |  1  2  3 |
---------------+----------+-----
Axes           | 3 |  3.0
Fighting       | |  3.8
Dodging        | |  3.0
Shields        | |  3.8

Action                   |  1- 3 |  4- 6 || total
-------------------------+-------+-------++-------
Melee: War axe           |    44 |     7 ||    51
       Constrict         |    11 |     2 ||    13
       Tentacles         |     8 |     1 ||     9
  Use: Potion            |       |     1 ||     1
 Stab: Sleeping          |     3 |       ||     3
Armor: Skin              |     4 |     2 ||     6
Dodge: Dodged            |    20 |     3 ||    23
Block: Kite shield       |    25 |     5 ||    30

Table legend: (Time is in decaauts)
 A = Elapsed time spent in this place.
 B = Non-inter-level travel time spent in this place.
 C = Inter-level travel time spent in this place.
 D = Time resting spent in this place.
 E = Time spent auto-exploring this place.
 F = Levels seen in this place.
 G = Mean time per level.
                   A        B        C        D        E       F      G
               +--------+--------+--------+--------+--------+-----+--------+
         Total |   1152 |   1130 |     22 |      0 |    947 |   2 |  576.0 |
       Dungeon |   1152 |   1130 |     22 |      0 |    947 |   2 |  576.0 |
               +--------+--------+--------+--------+--------+-----+--------+

Top non-repeatable levels by time:
     D:1: 831 daAuts
     D:2: 321 daAuts
